 Dungeon Crawl Stone Soup version 0.31-a0-267-g3fc6992b3b (webtiles) character file.

Game seed: 11536769186113150031

759 qw the Shooter (level 7, -2/43 HPs)
             Began as a Gargoyle Hexslinger on July 14, 2023.
             Killed by divine providence
             ... invoked by an orc priest
              (16 damage)
             ... on level 6 of the Dungeon.
             The game lasted 00:01:36 (4221 turns).

qw the Shooter (Gargoyle Hexslinger)                Turns: 4221, Time: 00:01:36

Health: -2/43      AC: 12    Str: 11    XL:     7   Next: 80%
Magic:  8/8        EV: 15    Int: 14    God:
Gold:   138        SH:  0    Dex: 14    Spells: 7/8 levels left

rFire   . . .        Y - +1 sling (flame)
rCold   + . .        (no shield)
rNeg    + . .        j - +0 ring mail
rPois   inf          (helmet restricted)
rElec   +            (no cloak)
rCorr   .            k - +0 pair of gloves
SInv    .            f - +0 pair of boots
Will    .....        e - amulet of faith
Stlth   +            a - +5 ring of evasion
HPRegen 0.27/turn    (no ring)
MPRegen 0.11/turn

%: faith
@: no status effects
A: sickness immunity, AC +4, negative energy resistance 1, electricity
resistance, torment resistance 1, petrification resistance, horns 1, cold
resistance 1
a: no special abilities


You were on level 6 of the Dungeon.
You visited 2 branches of the dungeon, and saw 7 of its levels.

You collected 284 gold pieces.
You spent 146 gold pieces at shops.


Innate Abilities, Weirdness & Mutations

You are immune to sickness and miasma.
Your stone body is resilient. (AC +4)
You are immune to poison.
You resist negative energy. (rN+)
You are resistant to electric shocks. (rElec)
You are resistant to unholy torment.
You are immune to petrification.
You have a pair of small horns on your head.
Your flesh is cold resistant. (rC+)


   Skills:
 - Level 4.2 Fighting
 + Level 7.3 Ranged Weapons
 - Level 2.0 Armour
 - Level 1.5 Dodging
 - Level 1.0 Spellcasting
 - Level 2.6 Hexes


You had 7 spell levels left.
You knew the following spells:

 Your Spells              Type           Power      Damage    Failure   Level
a - Slow                  Hex            32%        N/A       21%         1

Your spell library contained the following spells:

 Spells                   Type           Power      Damage    Failure   Level
 Inner Flame              Hex/Fire       4%         N/A       71%         3
 Portal Projectile        Hex/Tloc       8%         N/A       71%         3
 Cause Fear               Hex            4%         N/A       90%         4

Inventory:

Hand Weapons
 Y - a +1 sling of flaming (weapon)
Armour
 f - a +0 pair of boots (worn)
 j - a +0 ring mail (worn)
 k - a +0 pair of gloves (worn)
Jewellery
 a - a +5 ring of evasion (left hand)
 e - an amulet of faith (around neck)
Scrolls
 c - a scroll of identify
 h - 5 scrolls of teleportation
Potions
 b - 3 potions of mutation
 d - 4 potions of curing
 g - a potion of lignification {unknown}
 i - a potion of might

Dungeon Overview and Level Annotations

Branches:
Dungeon (6/15)             Temple (1/1) D:4

Altars:
Cheibriados
Elyvilon
Fedhas
Hepliaklqana
Kikubaaqudgha
Makhleb
Ru
Trog
Uskayaw
Vehumet
Wu Jian
Xom
Yredelemnul
Zin
The Shining One

Shops:
D:1 =   D:3 *[=!


Message History

An orc breaks down the door.
The orc warrior closely misses you.
Found a glowing silver altar of Zin.
You shoot a sling bullet. The sling bullet hits the orc warrior.
The sling bullet burns the orc warrior.
The orc warrior is moderately wounded.
The orc warrior misses you.
You shoot a sling bullet.
The sling bullet hits the orc warrior but does no damage.
The orc warrior is moderately wounded.
The orc warrior hits you with a +0 mace. x2
You shoot a sling bullet.
The sling bullet barely misses the orc warrior.
The sling bullet closely misses the orc priest.
The sling bullet barely misses the orc.
The orc warrior misses you.
You shoot a sling bullet.
The sling bullet barely misses the orc warrior.
The sling bullet hits the orc priest.
The sling bullet burns the orc priest.
The orc priest is heavily wounded.
The orc warrior hits you but does no damage.
You shoot a sling bullet.
The sling bullet closely misses the orc warrior.
The sling bullet hits the orc priest but does no damage.
The orc priest is heavily wounded.
The orc warrior barely misses you.
You shoot a sling bullet. The sling bullet hits the orc warrior.
The sling bullet burns the orc warrior.
The orc warrior is moderately wounded.
The orc warrior hits you with a +0 mace.
The orc warrior hits you but does no damage.
You shoot a sling bullet. The sling bullet hits the orc warrior.
The sling bullet burns the orc warrior.
The orc warrior is heavily wounded.
The orc warrior hits you with a +0 mace.
You shoot a sling bullet.
The sling bullet hits the orc warrior but does no damage.
The orc warrior is heavily wounded.
The orc priest invokes the aid of Beogh against you.
Beogh smites you!
You die... ........##.# #.# #.#####.##.# # # #.# . _._P_##.# ##..##.# .P....#.# ~~.~¤.# ..}...#.# ## #'#~o# .P.#P.. #.. _ooo#

#+###### #.¤#+#~o#
#.... # #.~~.~~@#
#..### #.#..##.#
#..... #.......#
#.#..# ###.#.###
#.#..# #.#.# #.#...
#.#.# #..... #.#.#
###.##
#.#.###############.#
#...................#


You could see an orc warrior, an orc priest and 3 orcs.

Vanquished Creatures
  Grinder (D:4)
  A phantom (D:6)
  A kobold brigand (D:5)
  2 hounds
  2 jellies
  3 iguanas
  11 adders
  5 gnolls
  An ufetubus (D:5)
  A dart slug (D:4)
  2 worms
  5 orcs
  A bat zombie (D:4)
  2 endoplasms
  5 giant cockroaches
  7 goblins
  5 hobgoblins
  8 kobolds
  A quokka (D:4)
  6 ball pythons
  6 bats (D:1)
  3 frilled lizards
  3 rats
  3 rat zombies (D:4)
85 creatures vanquished.

Notes
Turn   | Place    | Note
-------+----------+-------------------------------------------
     0 | D:1      | qw the Gargoyle Hexslinger began the quest for the Orb.
     0 | D:1      | Reached XP level 1. HP: 12/12 MP: 2/2
     0 | D:1      | 0 ||| qw: Version: 0.3-a-52-g30416fa
     0 | D:1      | 0 ||| qw: Game counter: 7898
     0 | D:1      | 0 ||| qw: Melee chars always use a shield: true
     0 | D:1      | 0 ||| qw: God list: Okawaru
     0 | D:1      | 0 ||| qw: Allow faded altars: false
     0 | D:1      | 0 ||| qw: Do Orc after clearing Dungeon:15 true
     0 | D:1      | 0 ||| qw: Do second Lair branch before Depths: true
     0 | D:1      | 0 ||| qw: Lair rune preference: random
     0 | D:1      | 0 ||| qw: Goals: Normal
     0 | D:1      | 0 ||| PLANNING D:1-11
    91 | D:1      | Found Hecviat's Jewellery Emporium.
    96 | D:1      | 96 ||| SHOPLISTING +6 ring of strength (504 gold, have 34).
    96 | D:1      | 96 ||| SHOPLISTING amulet of regeneration (420 gold, have
                  | 34).
    96 | D:1      | 96 ||| SHOPLISTING amulet of the acrobat (420 gold, have
                  | 34).
    96 | D:1      | 96 ||| SHOPLISTING ring of fire (350 gold, have 34).
    96 | D:1      | 96 ||| SHOPLISTING ring of positive energy (280 gold, have
                  | 34).
    96 | D:1      | 96 ||| SHOPLISTING ring of protection from cold (350 gold,
                  | have 34).
    96 | D:1      | 96 ||| SHOPLISTING ring of resist corrosion (280 gold, have
                  | 34).
   195 | D:1      | Reached XP level 2. HP: 16/16 MP: 3/3
   245 | D:1      | Reached skill level 3 in Ranged Weapons
   302 | D:1      | Reached XP level 3. HP: 20/20 MP: 4/4
   612 | D:1      | Found a hazy altar of Hepliaklqana.
   615 | D:1      | 615 ||| UPGRADING to +0 leather armour.
   625 | D:1      | 625 ||| DROPPING +0 robe.
   626 | D:1      | 626 ||| READING scroll labelled KIEGIO SEFU.
   627 | D:1      | 627 ||| READING scroll labelled OSHEORI KOWU.
   631 | D:1      | 631 ||| READING scroll labelled BIGIAG JIATIA.
   632 | D:1      | 632 ||| READING scroll labelled PEGATR HIRU.
   633 | D:1      | 633 ||| READING scroll labelled UDAMPE TAUDEQU.
   634 | D:1      | 634 ||| DRINKING 2 clear potions.
   635 | D:1      | 635 ||| DROPPING scroll of poison.
   636 | D:1      | 636 ||| DROPPING potion of attraction.
   775 | D:2      | Reached XP level 4. HP: 20/26 MP: 5/5
   865 | D:2      | Reached skill level 4 in Ranged Weapons
  1161 | D:2      | Found a radiant altar of Vehumet.
  1440 | D:2      | 1440 ||| UPGRADING to +0 ring mail.
  1450 | D:2      | 1450 ||| DROPPING +0 leather armour.
  1451 | D:2      | 1451 ||| READING scroll labelled QAR SANYIMO.
  1452 | D:2      | 1452 ||| READING scroll labelled HUIDOO XIFA.
  1453 | D:2      | 1453 ||| DRINKING 2 smoky golden potions.
  1453 | D:2      | Gained mutation: Your flesh is cold resistant. (rC+)
                  | [potion of mutation]
  1453 | D:2      | Gained mutation: You have a pair of small horns on your
                  | head. [potion of mutation]
  1492 | D:3      | Found Ducve's Jewellery Emporium.
  1494 | D:3      | Found Biwagol's Assorted Antiques.
  1498 | D:3      | Found Noblae's Armour Shoppe.
  1503 | D:3      | 1503 ||| BUYING dark potion (19 gold).
  1503 | D:3      | Bought a dark potion for 19 gold pieces
  1503 | D:3      | 1503 ||| SHOPLISTING large pearl ring (110 gold, have 76).
  1503 | D:3      | 1503 ||| SHOPLISTING opal ring (110 gold, have 76).
  1503 | D:3      | 1503 ||| BUYING scroll labelled PUVAARETABB (22 gold).
  1503 | D:3      | Bought a scroll labelled PUVAARETABB for 22 gold pieces
  1521 | D:3      | 1521 ||| SHOPLISTING +5 ring of evasion (396 gold, have
                  | 73).
  1521 | D:3      | 1521 ||| SHOPLISTING amulet of faith (440 gold, have 73).
  1521 | D:3      | 1521 ||| SHOPLISTING ring of ice (275 gold, have 73).
  1521 | D:3      | 1521 ||| SHOPLISTING ring of protection from cold (275
                  | gold, have 73).
  1521 | D:3      | 1521 ||| SHOPLISTING ring of see invisible (165 gold, have
                  | 73).
  1521 | D:3      | 1521 ||| UPGRADING to +5 ring of evasion.
  1522 | D:3      | 1522 ||| READING scroll labelled PUVAARETABB.
  1523 | D:3      | 1523 ||| READING scroll labelled JUHIOGHIKHI.
  1532 | D:3      | 1532 ||| BUYING +0 pair of boots (63 gold).
  1532 | D:3      | Bought a +0 pair of boots for 63 gold pieces
  1532 | D:3      | 1532 ||| SHOPLISTING +2 robe of cold resistance (247 gold,
                  | have 10).
  1779 | D:3      | Found Sische's Distillery.
  1798 | D:3      | 1798 ||| SHOPLISTING 2 potions of heal wounds (140 gold,
                  | have 68).
  1798 | D:3      | 1798 ||| SHOPLISTING potion of cancellation (112 gold, have
                  | 68).
  1798 | D:3      | 1798 ||| BUYING potion of curing (42 gold).
  1798 | D:3      | Bought a potion of curing for 42 gold pieces
  1798 | D:3      | 1798 ||| SHOPLISTING potion of curing (42 gold, have 26).
  1858 | D:3      | 1858 ||| UPGRADING to +0 pair of boots.
  1863 | D:3      | 1863 ||| READING scroll labelled SICO UCURUPSEKOLA.
  1864 | D:3      | 1864 ||| DRINKING 2 metallic yellow potions.
  1865 | D:3      | 1865 ||| DRINKING 2 bubbling cyan potions.
  1866 | D:3      | 1866 ||| DRINKING 4 potions of curing.
  1866 | D:3      | 1866 ||| (to cure confusion)
  1867 | D:3      | 1867 ||| READING 3 scrolls of identify.
  1867 | D:3      | 1867 ||| IDENTIFYING blue potion
  1868 | D:3      | 1868 ||| READING 2 scrolls of identify.
  1868 | D:3      | 1868 ||| IDENTIFYING brown potion
  1869 | D:3      | 1869 ||| DROPPING potion of berserk rage.
  1870 | D:3      | 1870 ||| DROPPING potion of brilliance.
  1871 | D:3      | 1871 ||| DROPPING potion of ambrosia.
  1905 | D:4      | 1905 ||| STAIRDANCE
  1908 | D:3      | Reached XP level 5. HP: 25/30 MP: 6/6
  1983 | D:4      | Found a staircase to the Ecumenical Temple.
  1984 | D:4      | 1984 ||| PLANNING TEMPLE
  1994 | Temple   | Entered the Ecumenical Temple
  2063 | Temple   | 2063 ||| PLANNING D:1-11
  2199 | D:4      | Reached skill level 5 in Ranged Weapons
  2235 | D:4      | Reached XP level 6. HP: 35/35 MP: 7/7
  2319 | D:4      | Found a white marble altar of Elyvilon.
  2357 | D:4      | Reached skill level 3 in Fighting
  2652 | D:4      | Found an ancient bone altar of Kikubaaqudgha.
  2724 | D:4      | Noticed Grinder
  2728 | D:4      | Paralysed by Grinder for 5 turns
  2739 | D:4      | Killed Grinder
  2740 | D:4      | Reached skill level 6 in Ranged Weapons
  2740 | D:4      | Reached XP level 7. HP: 34/41 MP: 8/8
  2994 | D:4      | 2994 ||| UPGRADING to amulet of faith.
  3046 | D:5      | Entered Level 5 of the Dungeon
  3053 | D:5      | Noticed a +0 dagger
  3053 | D:5      | Noticed a +0 hand axe
  3059 | D:5      | Found a hide-covered altar of Uskayaw.
  3960 | D:5      | 3960 ||| UPGRADING to +0 pair of gloves.
  3965 | D:5      | 3965 ||| READING scroll labelled PEN SUNGOL.
  3998 | D:5      | 3998 ||| READING scroll labelled USOQOAT FUSOCH.
  4046 | D:6      | Found a burning altar of Makhleb.
  4065 | D:6      | Reached skill level 7 in Ranged Weapons
  4072 | D:6      | Found a shimmering altar of Xom.
  4072 | D:6      | Found a bloodstained altar of Trog.
  4213 | D:6      | Found a glowing silver altar of Zin.
  4221 | D:6      | Killed from afar by an orc priest

Levels and vault maps discovered:
D:1:      dpeg_arrival_water_altar, layout_basic, serial_shops,
          nicolae_shop_hallway_stairs, hex_tiny
D:2:      layout_basic, basic_altar
D:3:      layout_rooms, serial_shops, nicolae_shop_hallway_plus, shop,
          nicolae_shop_tiny_glass, shop_statue
D:4:      layout_loops_corners, mainiacjoe_overflow_24_doors,
          lemuel_zombie_altar_kikubaaqudgha, minmay_temple_entry_mist,
          serial_park_tiny_1, uniq_grinder
D:5:      layout_cave_pods, dancing_weapons_uskayaw, serial_park_tiny_1,
          minmay_misc_feat_roman, kennysheep_generic_room_12
D:6:      layout_loops_ring, gammafunk_temple_overflow_forgotten,
          nicolae_dithmenos_through_a_glass_darkly, kennysheep_mini_moat,
          kennysheep_potato, uniq_edmund
Temple:   nicolae_temple_colour_theory

Skill      XL: |  1  2  3  4  5  6  7 |
---------------+----------------------+-----
Ranged Weapons | 3 4 5 6 7 |  7.3
Fighting       | 2 3 4 |  4.2
Armour         | 2 |  2.0
Dodging        | |  1.5
Spellcasting   | |  1.0
Hexes          | |  2.6

Action                     |  1- 3 |  4- 6 |  7- 9 || total
---------------------------+-------+-------+-------++-------
   Fire: Sling             |    69 |   144 |   120 ||   333
    Use: Scroll            |     5 |     7 |     2 ||    14
         Potion            |     1 |     4 |       ||     5
 Armour: Robe              |     5 |       |       ||     5
         Leather armour    |     9 |     1 |       ||    10
         Ring mail         |       |    25 |    27 ||    52
  Dodge: Dodged            |    10 |    36 |    68 ||   114

Table legend:
 A = Non-vault XP
 B = Vault XP
 C = Vault XP percentage of total XP
 D = Non-vault monster count
 E = Vault monster count
 F = Vault count percentage of total count
                 A         B        C        D         E       F
            +---------+---------+-------+---------+---------+-------
      Total |     767 |     318 |  29.3 |      79 |       6 |   7.1
            +---------+---------+-------+---------+---------+-------
        D:1 |      43 |       0 |   0.0 |      20 |       0 |   0.0
        D:2 |      58 |       0 |   0.0 |      12 |       0 |   0.0
        D:3 |     120 |       0 |   0.0 |      13 |       0 |   0.0
        D:4 |     218 |     282 |  56.4 |      22 |       5 |  18.5
        D:5 |     157 |      36 |  18.7 |       8 |       1 |  11.1
        D:6 |     171 |       0 |   0.0 |       4 |       0 |   0.0
            +---------+---------+-------+---------+---------+-------
